 Dungeon Crawl Stone Soup version 0.29-a0-317-gd16b76e6b1 (webtiles) character file.

Game seed: 12862267807720929507

1719 Dabor the Fanfare of Bloodshed (level 8, 0/58 (61) HPs)
             Began as a Demonspawn Transmuter on Apr 1, 2022.
             Was a Believer of Makhleb.
             Slain by a wight
             ... wielding a +8 falchion of freezing
              (8 damage)
             ... on level 6 of the Dungeon.
             The game lasted 00:08:52 (6870 turns).

Dabor the Fanfare of Bloodshed (DsTm)               Turns: 6870, Time: 00:08:53

HP:   0/58 (61)     AC:  6    Str: 16    XL:     8   Next: 75%
MP:   13/14         EV: 13    Int: 13    God:    Makhleb [**....]
Gold: 285           SH:  4    Dex: 14    Spells: 13/16 levels left

rFire   + . .      SeeInvis .     - Unarmed
rCold   . . .      Faith    .   (no shield)
rNeg    . . .      Spirit   .   j - +1 ring mail of the Tormentor {rF+ Str+4}
rPois   .          Reflect  .   (helmet currently unavailable)
rElec   .          Harm     .   t - +0 cloak
rCorr   .          Rampage  .   (no gloves)
Will    .....                   (boots currently unavailable)
Stlth   +.........              (no amulet)
HPRegen 0.19/turn               (no ring)
MPRegen 0.14/turn               (no ring)

@: appendages, lightly drained
A: talons 2, horns 1, yellow scales 1, demonic guardian 1, condensation shield,
deformed body, dopey 1, sturdy frame 1
a: End Transformation, Renounce Religion, Minor Destruction


You were on level 6 of the Dungeon.
You worshipped Makhleb.
Makhleb was pleased with you.
You had temporarily grown beastly talons.
You visited 1 branch of the dungeon, and saw 6 of its levels.
You also visited: Sewer.

You collected 285 gold pieces.

Inventory:

Missiles
 k - 20 poisoned darts
 y - 2 throwing nets
Armour
 a - a +0 robe
 d - a +0 pair of boots (melded)
 j - the +1 ring mail of the Tormentor (worn) {rF+ Str+4}
   (You took it off a kobold in a sewer)

   Str:       It affects your strength (+4).
   rF:        It protects you from fire.
 t - a +0 cloak (worn)
Jewellery
 p - a ring of positive energy
 u - an amulet of faith
Wands
 e - a wand of acid (4)
Scrolls
 f - 2 scrolls of amnesia
 l - a scroll of teleportation
 q - a scroll of fog {unknown}
 s - a scroll of blinking {unknown}
 x - a scroll of magic mapping {unknown}
Potions
 b - a potion of lignification
 c - a potion of magic {unknown}
 g - a potion of cancellation {unknown}
 h - a potion of might
 i - 2 potions of mutation
 n - a potion of berserk rage {unknown}
 o - a potion of degeneration {unknown}
 r - a potion of flight {unknown}
 v - a potion of resistance {unknown}
 w - a potion of curing
 z - a potion of haste {unknown}


   Skills:
 + Level 4.5 Fighting
 + Level 4.5 Dodging
 + Level 4.8 Unarmed Combat
 + Level 4.6 Spellcasting
 + Level 4.5 Transmutations
 + Level 5.5 Invocations


You had 13 spell levels left.
You knew the following spells:

 Your Spells              Type           Power      Damage    Failure   Level
a - Beastly Appendage     Tmut           28%        N/A       4%          1
b - Wereblood             Tmut           14%        N/A       6%          2

Your spell library contained the following spells:

 Spells                   Type           Power      Damage    Failure   Level
 Spider Form              Tmut/Pois      8%         N/A       30%         3
 Confusing Touch          Hex            3%         N/A       63%         3
 Ice Form                 Ice/Tmut       8%         N/A       71%         4
 Airstrike                Air            1%         N/A       95%         4
 Summon Lightning Spire   Summ/Air       3%         N/A       95%         4
 Yara's Violent Unravell  Hex/Tmut       4%         3d4       96%         5
 Lightning Bolt           Conj/Air       1%         1d12      100%        5
 Enfeeble                 Hex            1%         N/A       100%        7


Dungeon Overview and Level Annotations

Branches:
Dungeon (6/15)             Temple (0/1) D:5           Sewer (visited)

Altars:
Makhleb
Vehumet


Innate Abilities, Weirdness & Mutations

You have temporarily grown beastly talons.
You have a pair of small horns on your head.
You are partially covered in yellow scales. (AC +2)
A weak demonic guardian rushes to your aid.
A meltable shield of frost defends you. (SH +4)
Armour fits poorly on your strangely shaped body.
You are dopey. (Int -2)
Your movements are slightly less encumbered by armour. (ER -2)


Message History

The wight closely misses your shadow imp.
Your shadow imp hits the wight but does no damage.
The wight hits your shadow imp with a +8 falchion of freezing!
Your shadow imp dies!
Your shadow imp disappears in a puff of smoke!
Your transformation is almost over.
Your primal bloodlust is almost over.
There is an open door here.
As you close the door, it creaks loudly!
Something unseen opens the door.
You close the door.
Something unseen opens the door.
You close the door.
Something unseen breaks down the door.
Your talons disappear.
Your +0 pair of boots unmelds from your body.
Your primal bloodlust has ended.
There is an open door here.
You close the door.
Something unseen opens the door.
You close the door.
Something unseen breaks down the door.
It's broken and can't be closed.
There is a broken door here.
Casting: Wereblood (safe; 6% risk of failure)
Confirm with . or Enter, or press ? or * to list all spells.
Your feet morph into talons.
Your +0 pair of boots melds into your body.
You barely miss the wight. Your kick misses the wight. You headbutt the wight.
The wight is moderately damaged.
The wight closely misses you.
You hit the wight. You claw the wight.
You headbutt the wight, but do no damage.
The wight is heavily damaged.
The wight hits you with a +8 falchion of freezing!
* * * LOW HITPOINT WARNING * * *
You feel drained.
* * * LOW HITPOINT WARNING * * *
A demonic guardian appears!
The wight freezes you.
* * * LOW HITPOINT WARNING * * *
You hit the wight. Your kick misses the wight.
The wight is severely damaged.
The wight hits you with a +8 falchion of freezing!
You die...

.# #.#.####.#.# .#
#..........# .#
###.####.### .#
#.# #.# .# ## #.#
#.#
##.###.####.### .
##..#..........#
#.#...#.#.####5#.#
......#...# #.z@#
#..♣..'##########+
#.............
#.............
#.............
..............
........>.#.).
.###.######### #
#.#


You could see a wight (ally target) and a friendly shadow imp (summoned).

Vanquished Creatures
  Grinder (D:4)
  Sigmund (D:6)
  2 water moccasins
  An ice beast (D:5)
  A black bear (D:5)
  2 ogres
  2 phantoms
  A gnoll sergeant (D:6)
  A scorpion (D:4)
  2 wights (D:6)
  An orc priest (D:5)
  2 hounds (D:6)
  Crazy Yiuf (D:4)
  Ijyb (D:4)
  2 iguanas
  An orc wizard (D:5)
  3 gnolls (D:6)
  6 adders
  2 ufetubi
  3 worms
  3 dart slugs
  5 orcs
  4 bats
  5 endoplasms
  6 giant cockroaches
  5 goblins
  3 hobgoblins
  15 kobolds
  5 quokkas
  13 ball pythons
  A frilled lizard (D:1)
  10 rats
111 creatures vanquished.

Vanquished Creatures (collateral kills)
  An iguana (D:4)
  An adder (D:4)
  A ball python (D:4)
3 creatures vanquished.

Vanquished Creatures (others)
  A plant (Sewer)
1 creature vanquished.

Grand Total: 115 creatures vanquished

Notes
Turn   | Place    | Note
-------+----------+-------------------------------------------
     0 | D:1      | Dabor the Demonspawn Transmuter began the quest for the
                  | Orb.
     0 | D:1      | Reached XP level 1. HP: 15/15 MP: 3/3
   269 | D:1      | Found a faded altar of an unknown god.
   279 | D:1      | Prayed at the altar of an unknown god.
   279 | D:1      | Became a worshipper of Vehumet
   279 | D:1      | Reached * piety under Vehumet
   279 | D:1      | Offered knowledge of Shock by Vehumet.
   280 | D:1      | Fell from the grace of Vehumet
   458 | D:1      | Mutation became permanent: You have a pair of small horns
                  | on your head. [demonic ancestry]
   458 | D:1      | Gained mutation: You have a pair of horns on your head.
                  | [demonic ancestry]
   458 | D:1      | Reached XP level 2. HP: 18/21 MP: 3/5
  1417 | D:2      | Gained mutation: A weak demonic guardian rushes to your
                  | aid. [demonic ancestry]
  1417 | D:2      | Reached XP level 3. HP: 17/26 MP: 6/6
  2000 | D:2      | Reached XP level 4. HP: 33/33 MP: 5/7
  2017 | D:2      | Found a burning altar of Makhleb.
  2194 | D:2      | Became a worshipper of Makhleb the Destroyer
  2803 | D:4      | HP: 1/33 [adder (3)]
  2806 | D:4      | Reached skill level 1 in Invocations
  2806 | D:4      | Gained mutation: A meltable shield of frost defends you.
                  | (SH +4) [demonic ancestry]
  2806 | D:4      | Reached XP level 5. HP: 30/38 MP: 6/9
  2852 | D:4      | Learned a level 2 spell: Wereblood
  2853 | D:4      | Found a glowing drain.
  2857 | Sewer    | Entered a sewer
  3387 | Sewer    | Reached * piety under Makhleb
  3441 | Sewer    | Identified the +1 ring mail of the Tormentor {rF+ Str+4}
  3553 | D:4      | Noticed Ijyb
  3569 | D:4      | Killed Ijyb
  3987 | D:4      | Noticed an ogre
  3998 | D:4      | Killed an ogre
  3999 | D:4      | Reached skill level 2 in Invocations
  3999 | D:4      | Reached XP level 6. HP: 21/46 MP: 10/10
  4338 | D:4      | Was forgiven by Vehumet
  4598 | D:4      | Noticed Grinder
  4600 | D:4      | Paralysed by Grinder for 2 turns
  4622 | D:4      | Killed Grinder
  4623 | D:4      | Reached skill level 3 in Invocations
  4623 | D:4      | Reached XP level 7. HP: 31/52 MP: 10/12
  4743 | D:4      | Found a runed translucent door.
  4744 | D:4      | Noticed Crazy Yiuf
  4906 | D:4      | Killed Crazy Yiuf
  4960 | D:5      | Entered Level 5 of the Dungeon
  5696 | D:5      | Found a staircase to the Ecumenical Temple.
  5703 | D:5      | Reached skill level 4 in Invocations
  6041 | D:5      | Gained mutation: You are partially covered in yellow
                  | scales. (AC +2) [demonic ancestry]
  6041 | D:5      | Reached XP level 8. HP: 60/60 MP: 11/14
  6384 | D:6      | Reached ** piety under Makhleb
  6401 | D:6      | Reached skill level 5 in Invocations
  6558 | D:6      | Noticed Sigmund
  6605 | D:6      | Gained mutation: Armour fits poorly on your strangely
                  | shaped body. [potion of mutation]
  6605 | D:6      | Gained mutation: You are dopey. (Int -2) [potion of
                  | mutation]
  6605 | D:6      | Gained mutation: Your movements are slightly less
                  | encumbered by armour. (ER -2) [potion of mutation]
  6617 | D:6      | Killed Sigmund
  6870 | D:6      | Slain by a wight

Illustrated notes

Levels and vault maps discovered:
D:1:      saegor_arrival_simple_a, layout_basic,
          shapermc_ecumenical_altar_pompeii
D:2:      layout_basic, basic_altar, minmay_statues_item,
          minmay_misc_feat_columns
D:3:      layout_basic
D:4:      layout_cave_pools, gup_sewer_entry_bowl, grunt_ministairs_15,
          uniq_crazy_yiuf_cottage, uniq_grinder, uniq_ijyb
D:5:      layout_loops_ring, minmay_temple_entry_proselytizer
D:6:      layout_rooms, gammafunk_ghost_abyssal_escape, grunt_ministairs_14,
          nicolae_wooded_promenade, roderic_st_hans_cross, chequers_mini_garden,
          lightli_minifort, uniq_sigmund, uniq_duvessa

Skill      XL: |  1  2  3  4  5  6  7  8 |
---------------+-------------------------+-----
Dodging        | 2 3 4 |  4.5
Transmutations | 2 3 4 |  4.5
Unarmed Combat | 3 4 |  4.8
Fighting       | 2 3 4 |  4.5
Invocations    | 1 2 3 4 5 |  5.5
Spellcasting   | 3 4 |  4.6

Action                   |  1- 3 |  4- 6 |  7- 9 || total
-------------------------+-------+-------+-------++-------
Melee: Unarmed           |    86 |   164 |   144 ||   394
       Kick              |    24 |    32 |    31 ||    87
       Headbutt          |     7 |    24 |    24 ||    55
       Punch             |     1 |     4 |     7 ||    12
Throw: Dart              |       |     5 |       ||     5
       Throwing net      |       |     2 |       ||     2
 Cast: Beastly Appendage |    26 |    25 |    15 ||    66
       Wereblood         |       |     8 |     7 ||    15
Invok: Renounce Religion |     1 |       |       ||     1
Evoke: Wand              |       |     2 |     9 ||    11
  Use: Scroll            |       |     6 |       ||     6
       Potion            |       |     3 |     2 ||     5
 Stab: Sleeping          |     1 |     3 |       ||     4
Armor: Robe              |    13 |    10 |       ||    23
       Ring mail         |       |    19 |    39 ||    58
Dodge: Dodged            |    47 |   100 |    61 ||   208
Block: Other             |       |    28 |    18 ||    46

Table legend: (Time is in decaauts)
 A = Elapsed time spent in this place.
 B = Non-inter-level travel time spent in this place.
 C = Inter-level travel time spent in this place.
 D = Time resting spent in this place.
 E = Time spent auto-exploring this place.
 F = Levels seen in this place.
 G = Mean time per level.
                   A        B        C        D        E       F      G
               +--------+--------+--------+--------+--------+-----+--------+
         Total |   6874 |   6699 |    175 |    878 |   4634 |   7 |  982.0 |
       Dungeon |   6182 |   6007 |    175 |    878 |   4176 |   6 | 1030.3 |
         Sewer |    691 |    691 |      0 |      0 |    458 |   1 |  691.0 |
               +--------+--------+--------+--------+--------+-----+--------+

Top non-repeatable levels by time:
     D:4: 1565 daAuts
     D:5: 1394 daAuts
     D:1: 1265 daAuts
     D:2: 944 daAuts
   Sewer: 691 daAuts
     D:3: 508 daAuts
     D:6: 503 daAuts
